AoeStats
← Atmaca3307

Arabia

509689846Analyzed
1v1 RM · 4d ago on Sep 27, 2026· 54m 55s· 2 players
Game mode
Random Map
Map size
Tiny (2 player)
Population
200
Speed
Normal
Resources
Standard
Victory
Conquest
Starting age
Dark Age
Ending age
Imperial Age
RankedLock teamsTeams togetherTeam positionsShared explorationLock speedFull tech treeHidden civsTurbo modeCheats
Victory
Defeat
🇧🇷 Varangians · Brazil
335
+12
🇹🇷 Turks · Türkiye
256
-12
Atmaca3307
13:47 Feudal Age
15:10 Wheelbarrow
15:03 Double-Bit Axe
15:02 Horse Collar
17:24 Scale Mail Armor
17:30 Scale Barding Armor
17:53 Forging
20:04 Padded Archer Armor
19:54 Fletching
23:30 Gold Mining
24:33 Bloodlines
27:54 Castle Age
25:52 Stone Mining
28:57 Bow Saw
29:05 Hand Cart
29:09 Chain Mail Armor
29:12 Husbandry
29:44 Chain Barding Armor
29:39 Heavy Plow
30:57 Gold Shaft Mining
33:10 Iron Casting
32:31 Bodkin Arrow
32:52 Leather Archer Armor
33:56 Ballistics
33:31 Guard Tower
37:47 Imperial Age
37:55 Murder Holes
37:41 Treadmill Crane
37:52 Heated Shot
38:06 Cavalier
39:22 Plate Mail Armor
41:05 Two-Man Saw
40:44 Plate Barding Armor
41:10 Blast Furnace
41:45 Arrowslits
42:12 Masonry
43:55 Keep
43:52 Architecture
44:27 Bracer
44:55 Bombard Tower
46:25 Ring Archer Armor
Brmaicon85
0:41 Loom
11:19 Feudal Age
11:48 Horse Collar
11:57 Double-Bit Axe
12:50 Wheelbarrow
12:03 Town Watch
23:59 Castle Age
22:30 Forging
22:21 Scale Mail Armor
22:23 Gold Mining
22:26 Stone Mining
22:56 Man-at-Arms
23:23 Arson
24:55 Squires
25:35 Bow Saw
25:31 Heavy Plow
25:55 Chain Mail Armor
26:16 Iron Casting
25:50 Husbandry
26:24 Hand Cart
27:14 Scale Barding Armor
28:39 Stone Shaft Mining
28:22 Bloodlines
27:33 Light Cavalry
29:00 Chain Barding Armor
30:18 Hand Cart
31:28 Town Patrol
32:11 Ballistics
31:33 Treadmill Crane
31:22 Long Swordsman
32:22 Pikeman
32:50 Gambesons
36:27 Padded Archer Armor
36:18 Fletching
38:05 Heated Shot
38:26 Masonry
39:16 Leather Archer Armor
38:57 Bodkin Arrow
42:43 Imperial Age
42:55 Vendel Legacy
43:56 Conscription
43:02 Halberdier
44:19 Plate Mail Armor
45:27 Capped Ram
47:47 Blast Furnace
47:23 Plate Barding Armor
46:40 Elite Varangian Guard
48:58 Chemistry
48:29 Architecture
48:53 Crop Rotation
50:32 Gothikon
52:49 Ring Archer Armor
52:20 Bracer
Connection lost

Rejoining the realm…

Still unreachable

The connection could not be restored.

Session expired

The server has moved on; the page needs a fresh start.